 Dungeon Crawl Stone Soup version 0.21.1-1-g345015f (webtiles) character file.

406 shakethe the Carver (level 6, 0/70 HPs)
             Began as a Barachi Fighter on Feb 23, 2018.
             Succumbed to a worker ant's poison
             ... on level 3 of the Dungeon.
             The game lasted 00:03:26 (2675 turns).

shakethe the Carver (Barachi Fighter)               Turns: 2675, Time: 00:03:27

Health: 0/70       AC:  6    Str: 22    XL:     6   Next: 87%
Magic:  0/6        EV:  7    Int: 10    God:
Gold:   125        SH:  9    Dex: 12    Spells: 5/5 levels left

rFire    . . .     SeeInvis .   a - +0 long sword
rCold    . . .     Gourm    .   c - +0 shield
rNeg     . . .     Faith    .   b - +0 scale mail
rPois    .         Spirit   +   (no helmet)
rElec    .         Reflect  .   g - scarf {Spirit}
rCorr    .         Harm     .   (no gloves)
MR       .....                  (no boots)
Stlth    ..........             (no amulet)
HPRegen  0.21/turn              (no ring)
MPRegen  0.10/turn              (no ring)

@: berserking, lethally poisoned (0 -> -6), quick
A: +LOS, swims, slowness 1, strong legs 1
a: Hop


You were on level 3 of the Dungeon.
You were not hungry.

You visited 1 branch of the dungeon, and saw 4 of its levels.

You collected 125 gold pieces.

Inventory:

Hand Weapons
 a - a +0 long sword (weapon)
Armour
 b - a +0 scale mail (worn)
 c - a +0 shield (worn)
 d - a +0 troll leather armour {Purgy}
   (You found it on level 3 of the Dungeon)
 g - a scarf of spirit shield (worn)
   (You found it on level 1 of the Dungeon)
 j - a +0 plate armour
   (You found it on level 1 of the Dungeon)
Scrolls
 e - a scroll of fear {unknown}
 h - 3 scrolls of random uselessness {unknown}
 k - a scroll of blinking {unknown}
 l - 3 scrolls of identify {unknown}
 m - a scroll of magic mapping {unknown}
 n - 2 scrolls of teleportation {unknown}
 o - a scroll of amnesia {unknown}
Potions
 i - a potion of magic {unknown}
 p - a potion of berserk rage {!q}
Comestibles
 f - 8 rations
 q - a chunk of flesh {@w0@w0}


   Skills:
 - Level 3.6 Fighting
 + Level 8.6 Long Blades
 - Level 3.6 Armour
 - Level 3.2 Shields


You had 5 spell levels left.
You didn't know any spells.

Dungeon Overview and Level Annotations

Branches:
Dungeon (4/15)
 Temple: D:4-7

Altars:


Innate Abilities, Weirdness & Mutations

Shadows flee at your approach. (+LOS)
You can swim through water.
You cover ground slowly.
You can hop short distances.


Message History

A ball python comes into view.
The ball python hisses angrily.
You block the jackal's attack. x2
A gnoll comes into view.
You see here a howler monkey corpse.
You block the jackal's attack.
A gnoll comes into view. It is wielding a spear.
There is a stone staircase leading up here.
You block the jackal's attack. x2
You climb upwards.
There is a stone staircase leading down here.
You closely miss the jackal. You block the jackal's attack.
You hit the jackal but do no damage.
The jackal bites you but does no damage.
The jackal barely misses you.
You riposte.
You slash the jackal!
You kill the jackal!
No target in view!
No target in view!
You start resting.
You are feeling very hungry.
You regained 11 hp, and now have 40/47 hp.
You see here a jackal corpse.
You butcher the jackal corpse.
q - 2 chunks of flesh {@w0@w0} Eating one of 2 chunks of flesh {@w0@w0}.
You eat one of the 2 chunks of flesh {@w0@w0}.
Okay, then.
You start putting on your armour.
You continue putting on your glowing scarf. x4
You finish putting on your scarf of spirit shield.
You feel your power drawn to a protective spirit.
You now have 0/6 mp.
You start resting.
Health restored: 47; MP restored: 6
There is a stone staircase leading down here.
You climb downwards.
You hear the sound of rushing water.
There is an entrance to a sewer on this level.
Hurry and find it before the portal rusts away!
You hear the slow rusting of a very distant drain.
An orc comes into view. It is wielding an enchanted whip.
The orc shouts!
The bullfrog skeleton barely misses you.
You riposte.
You barely miss the bullfrog skeleton. You block the gnoll's attack. x2
The bullfrog skeleton hits you but does no damage.
There is a stone staircase leading up here.
You closely miss the worker ant. You block the gnoll's attack.
The bullfrog skeleton closely misses you.
The gnoll hits you with a club. The worker ant bites you.
You are poisoned.
The worker ant poisons you!
The orc suddenly jeers.
The orc barely misses you. The bullfrog skeleton hits you.
You take 10 damage, and have 37/47 hp.
MASSIVE DAMAGE!!
You now have 5/6 mp.
You hit the worker ant.
You feel sick.
The gnoll hits you with an enchanted flail!
The gnoll hits you with a club. The worker ant bites you.
The bullfrog skeleton barely misses you.
You riposte.
You hit the bullfrog skeleton. The orc misses you.
You take 10 damage, and have 27/47 hp.
MASSIVE DAMAGE!!
You now have 3/6 mp.
You hit the worker ant.
You feel sick.
The worker ant bites you but does no damage.
The gnoll hits you with a club.
The bullfrog skeleton hits you but does no damage.
The gnoll hits you with an enchanted flail!
* * * LOW HITPOINT WARNING * * *
The orc hits you with an enchanted whip.
* * * LOW HITPOINT WARNING * * *
You block the worker ant's attack.
You take 17 damage, and have 10/47 hp.
MASSIVE DAMAGE!!
You now have 1/6 mp.
The bullfrog skeleton hits you but does no damage.
The gnoll barely misses you. x2
The gnoll hits you from afar with a spear.
* * * LOW HITPOINT WARNING * * *
The worker ant bites you.
* * * LOW HITPOINT WARNING * * *
You are lethally poisoned!
The worker ant poisons you! You block the orc's attack.
The bullfrog skeleton hits you.
* * * LOW HITPOINT WARNING * * *
You climb upwards.
* * * LOW HITPOINT WARNING * * *
You feel sick.
There is a stone staircase leading down here.
Unknown command.
You take 9 damage, and have 1/47 hp.
You now have 0/6 mp.
It was a potion of berserk rage.
A red film seems to cover your vision as you go berserk!
You feel yourself moving faster!
You feel mighty! You block the gnoll's attack.
The orc hits you but does no damage. The gnoll barely misses you.
You now have 1/70 hp.
You are too berserk!
You closely miss the gnoll.
You die...

##.# #..#########.#...(...#
#. ...#
#..#...........#####.# #.
##.###..#.#######...# #.# #.
#..............#...# #.# #.
#####.##.#####.#...#####.##
#. #.##.>................#
#. #.##.#######..######..#
#.
#.##.#######oa.......(#####.
#.##......g@g.#######.......
#..>.########## ########
######


You could see a worker ant, 2 gnolls and an orc.

Vanquished Creatures
  Purgy (D:3)
  The ghost of Quirk the Shield-Bearer, an amateur GnFi (D:3)
  2 howler monkeys (D:4)
  5 adders
  2 oozes
  A worm (D:2)
  2 leopard geckos (D:1)
  An orc (D:3)
  A ball python (D:1)
  5 giant cockroaches
  8 goblins
  11 hobgoblins
  13 jackals
  6 kobolds
  2 quokkas (D:2)
  10 bats
  5 frilled lizards
  13 rats
89 creatures vanquished.

Notes
Turn   | Place    | Note
-------+----------+-------------------------------------------
     0 | D:1      | shakethe the Barachi Fighter began the quest for the Orb.
     0 | D:1      | Reached XP level 1. HP: 18/18 MP: 1/1
    37 | D:1      | Reached skill level 3 in Long Blades
    68 | D:1      | Reached XP level 2. HP: 18/24 MP: 2/2
   222 | D:1      | Reached skill level 4 in Long Blades
   247 | D:1      | HP: 6/24 [hobgoblin (3)]
   249 | D:1      | Reached XP level 3. HP: 7/29 MP: 3/3
   252 | D:1      | HP: 4/29 [hobgoblin (4)]
   256 | D:1      | HP: 1/29 [hobgoblin (3)]
  1055 | D:2      | Reached skill level 5 in Long Blades
  1077 | D:2      | Reached XP level 4. HP: 24/36 MP: 4/4
  1545 | D:3      | Noticed Purgy
  1551 | D:3      | Killed Purgy
  1551 | D:3      | Reached skill level 6 in Long Blades
  1551 | D:3      | Reached XP level 5. HP: 23/41 MP: 5/5
  1577 | D:3      | Noticed Quirk's ghost (amateur GnFi)
  1596 | D:3      | Killed Quirk's ghost
  1596 | D:3      | Reached skill level 7 in Long Blades
  1596 | D:3      | Reached XP level 6. HP: 15/47 MP: 6/6
  2133 | D:3      | Reached skill level 8 in Long Blades
  2671 | D:4      | HP: 10/47 [orc/enchanted whip (4)]
  2672 | D:4      | HP: 3/47 [bullfrog skeleton (3)]
  2673 | D:3      | HP: 1/47 [poisoned by a worker ant]
  2675 | D:3      | Succumbed to a worker ant's poison

Skill      XL: |  1  2  3  4  5  6 |
---------------+-------------------+-----
Long Blades    | 3 4 5 6 7 8 |  8.6
Fighting       | |  3.6
Armour         | |  3.6
Shields        | |  3.2

Action                   |  1- 3 |  4- 6 || total
-------------------------+-------+-------++-------
Melee: Long sword        |   146 |   151 ||   297
  Use: Potion            |       |     2 ||     2
 Stab: Distracted        |       |     1 ||     1
  Eat: Chunk             |       |     7 ||     7
Armor: Scale mail        |    71 |    72 ||   143
Dodge: Dodged            |    43 |    47 ||    90
Block: Shield            |    77 |    97 ||   174
       Rpst.: Long sword |    11 |    17 ||    28

Vault maps used:
D:1:      dpeg_arrival_leaves_temple_mockup, st_stairs_7,
          minmay_misc_feat_doors, minmay_hexomino_p4
D:2:      first_ration, grunt_ministairs_9, kennysheep_generic_room_12,
          uniq_crazy_yiuf_cottage
D:3:      minmay_item_behind_shaft, uniq_purgy
D:4:      okawaru_ov_weapons_minmay, minmay_temple_entry_fiery,
          gup_sewer_entry_glass

Table legend:
 A = Turns spent in this place as a percentage of turns spent in the entire game.
 B = Non-inter-level travel turns spent in this place as a percentage of non-inter-level travel turns spent in the entire game.
 C = Inter-level travel turns spent in this place as a percentage of turns spent in this place.
 D = Turns resting spent in this place as a percentage of non-inter-level travel turns spent in this place.
 E = Turns spent auto-exploring this place as a percentage of non-inter-level travel turns spent in this place.
 F = Non-inter-level travel turns spent in this place divided by the number of levels of this place that you've seen.
                   A       B       C       D       E      F
               +-------+-------+-------+-------+-------+----------------------
         Total | 100.0 | 100.0 |   5.4 |  24.8 |  53.3 | 632.8
       Dungeon | 100.0 | 100.0 |   5.4 |  24.8 |  53.3 | 632.8
               +-------+-------+-------+-------+-------+----------------------

Table legend:
 A = Kills in this place as a percentage of kills in entire the game.
 B = Kills by you in this place as a percentage of kills by you in the entire game.
 C = Kills by friends in this place as a percentage of kills by friends in the entire game.
 D = Other kills in this place as a percentage of other kills in the entire game.
 E = Experience gained in this place as a percentage of experience gained in the entire game.
 F = Experience gained in this place divided by the number of levels of this place that you have seen.
                   A       B       C       D       E      F
               +-------+-------+-------+-------+-------+----------------------
         Total | 100.0 | 100.0 |   N/A |   N/A | 100.0 | 145.2
       Dungeon | 100.0 | 100.0 |   N/A |   N/A | 100.0 | 145.2
               +-------+-------+-------+-------+-------+----------------------
